EL
HARRISBURG SENATORS @ SPRINGFIELD CARDINALS
07/25/2048
 
TOP OF THE 1ST
Harrisburg Senators batting - Pitching for Springfield Cardinals : RHP Austin Akers
Pitching: RHP Austin Akers
Batting: LHB Evan Oliveri 0-0: Ball
1-0: Fly out, F5 (Flyball, 5D, EV 83.1 MPH)
Batting: RHB Jim Miske 0-0: Swinging Strike
0-1: Foul Ball, location: 2F
0-2: Foul Ball, location: 2F
0-2: SINGLE (Line Drive, 7LM, EV 110.0 MPH)
Batting: LHB Kyung-jin Cho 0-0: Called Strike
0-1: Swinging Strike
0-2: Ball
1-2: Foul Ball, location: 2F
1-2: Ball
2-2: Strikes out swinging
Batting: RHB Antonio Laurel 0-0: Called Strike
Jim Miske is caught stealing 2nd base 2-4
Top of the 1st over - 0 runs, 1 hit, 0 errors, 0 left on base; Harrisburg 0 - Springfield 0
BOTTOM OF THE 1ST
Springfield Cardinals batting - Pitching for Harrisburg Senators : RHP Jason Beck
Pitching: RHP Jason Beck
Batting: RHB Joe LaDue 0-0: Called Strike
0-1: Swinging Strike
0-2: Ball
1-2: Ball
2-2: Ground out 3-1 (Groundball, 13, EV 82.5 MPH)
Batting: LHB Travis Ruppel 0-0: Ball
1-0: Foul Ball, location: 2F
1-1: Fly out, F8 (Flyball, 8LM, EV 85.0 MPH)
Batting: RHB Jeff Brower 0-0: Ball
1-0: Called Strike
1-1: Ball
2-1: Foul Ball, location: 2F
2-2: Ball
3-2: Reached on error, E6 (Groundball, 6, EV 109.4 MPH)
Batting: SHB Josh Schultze 0-0: Called Strike
0-1: Ball
1-1: SINGLE (Line Drive, 6D, EV 99.4 MPH)
Jeff Brower to second
Batting: RHB Tyler Walker 0-0: Ball
1-0: Foul Ball, location: 2F
1-1: Ball
2-1: Foul Ball, location: 2F
2-2: Foul Ball, location: 2F
2-2: Strikes out swinging
Bottom of the 1st over - 0 runs, 1 hit, 1 error, 2 left on base; Harrisburg 0 - Springfield 0
TOP OF THE 2ND
Harrisburg Senators batting - Pitching for Springfield Cardinals : RHP Austin Akers
Batting: RHB Antonio Laurel 0-0: Foul Ball, location: 2F
0-1: Ball
1-1: Ball
2-1: Foul Ball, location: 2F
2-2: Ball
3-2: Fly out, F8 (Flyball, 78M, EV 72.5 MPH)
Batting: RHB Mike Buchanan 0-0: Ball
1-0: Ball
2-0: Ball
3-0: Foul Ball, location: 2F
3-1: Base on Balls
Batting: RHB Kevin Wick 0-0: Ball
1-0: Foul Ball, location: 2F
1-1: Called Strike
1-2: Ball
2-2: Ball
3-2: Strikes out swinging
Batting: RHB Naofumi Ishida 0-0: Fielders Choice at 2nd, 6-4 (Groundball, 6, EV 91.2 MPH)
Top of the 2nd over - 0 runs, 0 hits, 0 errors, 1 left on base; Harrisburg 0 - Springfield 0
BOTTOM OF THE 2ND
Springfield Cardinals batting - Pitching for Harrisburg Senators : RHP Jason Beck
Batting: RHB Immel Kamuzu 0-0: Ball
1-0: Called Strike
1-1: SINGLE (Flyball, 78S, EV 86.9 MPH)
Batting: RHB Tommy Boudreaux 0-0: Ball
1-0: Ball
2-0: Reached on error, E6 (Groundball, 6, EV 81.2 MPH)
Immel Kamuzu to second
Batting: RHB Fortunato Fteira 0-0: Swinging Strike
0-1: Foul Ball, location: 2F
0-2: Strikes out swinging
Batting: RHB Austin Akers 0-0: Ball
1-0: SINGLE (Line Drive, 5D, EV 101.9 MPH)
Immel Kamuzu to third
Tommy Boudreaux to second
Batting: RHB Joe LaDue 0-0: Grounds into double play, 6-4-3 (Groundball, 6, EV 110.0 MPH)
Bottom of the 2nd over - 0 runs, 2 hits, 1 error, 2 left on base; Harrisburg 0 - Springfield 0
TOP OF THE 3RD
Harrisburg Senators batting - Pitching for Springfield Cardinals : RHP Austin Akers
Batting: RHB Pat Drader 0-0: Foul Ball, location: 2F
0-1: Called Strike
0-2: Ball
1-2: Fly out, F9 (Flyball, 89S, EV 90.6 MPH)
Batting: RHB Victor Cintron 0-0: Foul Ball, location: 2F
0-1: Ball
1-1: Swinging Strike
1-2: Ball
2-2: Strikes out looking
Batting: LHB Evan Oliveri 0-0: Ball
1-0: Ball
2-0: Swinging Strike
2-1: Fly out, F3 (Popup, 23F, EV 77.5 MPH)
Top of the 3rd over - 0 runs, 0 hits, 0 errors, 0 left on base; Harrisburg 0 - Springfield 0
BOTTOM OF THE 3RD
Springfield Cardinals batting - Pitching for Harrisburg Senators : RHP Jason Beck
Batting: LHB Travis Ruppel 0-0: Fly out, F8 (Flyball, 89D, EV 106.2 MPH)
Batting: RHB Jeff Brower 0-0: Swinging Strike
0-1: Ball
1-1: Swinging Strike
1-2: Strikes out swinging
Batting: SHB Josh Schultze 0-0: Foul Ball, location: 2F
0-1: Fly out, F8 (Flyball, 78M, EV 86.2 MPH)
Bottom of the 3rd over - 0 runs, 0 hits, 0 errors, 0 left on base; Harrisburg 0 - Springfield 0
TOP OF THE 4TH
Harrisburg Senators batting - Pitching for Springfield Cardinals : RHP Austin Akers
Batting: RHB Jim Miske 0-0: Ball
1-0: Ball
2-0: Ball
3-0: Base on Balls
Batting: LHB Kyung-jin Cho 0-0: Ball
Jim Miske steals 2nd base
1-0: Called Strike
1-1: Called Strike
1-2: Ball
2-2: Ball
3-2: Foul Ball, location: 2F
3-2: Foul Ball, location: 2F
3-2: Base on Balls
Batting: RHB Antonio Laurel 0-0: Foul Ball, location: 2F
0-1: Foul Ball, location: 2F
0-2: Ball
1-2: Fly out, F7 (Flyball, 7LSF, EV 82.5 MPH)
Batting: RHB Mike Buchanan 0-0: Ball
Passed Ball!
Jim Miske to third
Kyung-jin Cho to second
1-0: Foul Ball, location: 2F
1-1: Foul Ball, location: 2F
1-2: Foul Ball, location: 2F
1-2: Reached on error, E2 (Groundball, 15S, EV 66.9 MPH)
Jim Miske scores
Kyung-jin Cho scores
Batting: RHB Kevin Wick 0-0: Called Strike
0-1: Fly out, F9 (Flyball, 9D, EV 100.0 MPH)
Runner from 2nd tags up, SAFE at 3rd, no throw by RF
Batting: RHB Naofumi Ishida 0-0: Ball
1-0: Foul Ball, location: 2F
1-1: Called Strike
1-2: Ball
2-2: Strikes out looking
Top of the 4th over - 2 runs, 0 hits, 1 error, 1 left on base; Harrisburg 2 - Springfield 0
BOTTOM OF THE 4TH
Springfield Cardinals batting - Pitching for Harrisburg Senators : RHP Jason Beck
Batting: RHB Tyler Walker 0-0: Called Strike
0-1: Fly out, F9 (Line Drive, 9LS, EV 94.4 MPH)
Batting: RHB Immel Kamuzu 0-0: Foul Ball, location: 2F
0-1: Fly out, F8 (Line Drive, 8LD, EV 91.9 MPH)
Batting: RHB Tommy Boudreaux 0-0: Ball
1-0: Foul Ball, location: 2F
1-1: Ground out 3-1 (Groundball, 34, EV 88.8 MPH)
Bottom of the 4th over - 0 runs, 0 hits, 0 errors, 0 left on base; Harrisburg 2 - Springfield 0
TOP OF THE 5TH
Harrisburg Senators batting - Pitching for Springfield Cardinals : RHP Austin Akers
Batting: RHB Pat Drader 0-0: Ball
1-0: Foul Ball, location: 2F
1-1: Swinging Strike
1-2: Ground out 1-3 (Groundball, 34S, EV 65.6 MPH)
Batting: RHB Victor Cintron 0-0: Ball
1-0: Called Strike
1-1: Foul Ball, location: 2F
1-2: Ground out 5-3 (Groundball, 56S, EV 63.8 MPH)
Batting: LHB Evan Oliveri 0-0: Ball
1-0: Foul Ball, location: 2F
1-1: SINGLE (Flyball, 89S, EV 98.1 MPH)
Batting: RHB Jim Miske 0-0: Called Strike
0-1: Called Strike
0-2: Ball
1-2: Fielders Choice at 2nd, 5-4 (Groundball, 5, EV 108.8 MPH)
Top of the 5th over - 0 runs, 1 hit, 0 errors, 1 left on base; Harrisburg 2 - Springfield 0
BOTTOM OF THE 5TH
Springfield Cardinals batting - Pitching for Harrisburg Senators : RHP Jason Beck
Batting: RHB Fortunato Fteira 0-0: Ball
1-0: Ball
2-0: Foul Ball, location: 2F
2-1: Foul Ball, location: 2F
2-2: Ball
3-2: Foul Ball, location: 2F
3-2: SINGLE (Groundball, 56S, EV 70.0 MPH) (infield hit)
Batting: RHB Austin Akers 0-0: Ball
1-0: Called Strike
1-1: TRIPLE (Groundball, 5D, EV 99.4 MPH)
Fortunato Fteira scores
Batting: RHB Joe LaDue 0-0: Called Strike
0-1: Ball
1-1: Called Strike
1-2: Strikes out looking
Batting: LHB Travis Ruppel 0-0: Foul Ball, location: 2F
0-1: DOUBLE (Groundball, 3L, EV 108.8 MPH)
Austin Akers scores
Batting: RHB Jeff Brower 0-0: Ground out 6-3 (Groundball, 6, EV 83.1 MPH)
Batting: SHB Josh Schultze 0-0: Called Strike
0-1: Ball
1-1: Foul Ball, location: 2F
1-2: Ball
2-2: Strikes out looking
Bottom of the 5th over - 2 runs, 3 hits, 0 errors, 1 left on base; Harrisburg 2 - Springfield 2
TOP OF THE 6TH
Harrisburg Senators batting - Pitching for Springfield Cardinals : RHP Austin Akers
Batting: LHB Kyung-jin Cho 0-0: Called Strike
0-1: Ball
1-1: Ground out U3 (Groundball, 34, EV 102.5 MPH)
Batting: RHB Antonio Laurel 0-0: Ball
1-0: Ball
2-0: Foul Ball, location: 2F
2-1: Ball
3-1: Base on Balls
Batting: RHB Mike Buchanan 0-0: Foul Ball, location: 2F
0-1: Fly out, F4 (Popup, 13, EV 88.1 MPH)
Batting: RHB Kevin Wick 0-0: Ball
1-0: Swinging Strike
1-1: Foul Ball, location: 2F
1-2: Foul Ball, location: 2F
1-2: 2-RUN HOME RUN (Flyball, 7D, EV 96.2 MPH), Distance : 377 ft
Batting: RHB Naofumi Ishida 0-0: Ball
1-0: Called Strike
1-1: Ground out 6-3 (Groundball, P, EV 83.8 MPH)
Top of the 6th over - 2 runs, 1 hit, 0 errors, 0 left on base; Harrisburg 4 - Springfield 2
BOTTOM OF THE 6TH
Springfield Cardinals batting - Pitching for Harrisburg Senators : RHP Jason Beck
Batting: RHB Tyler Walker 0-0: Ball
1-0: Fly out, F8 (Flyball, 8RD, EV 99.4 MPH)
Batting: RHB Immel Kamuzu 0-0: Ball
1-0: Ball
2-0: Called Strike
2-1: Swinging Strike
2-2: Fly out, F8 (Flyball, 89S, EV 97.5 MPH)
Batting: RHB Tommy Boudreaux 0-0: Called Strike
0-1: Foul Ball, location: 2F
0-2: Strikes out swinging
Bottom of the 6th over - 0 runs, 0 hits, 0 errors, 0 left on base; Harrisburg 4 - Springfield 2
TOP OF THE 7TH
Harrisburg Senators batting - Pitching for Springfield Cardinals : RHP Austin Akers
Pitching: RHP Chris Moore
Batting: RHB Pat Drader 0-0: Called Strike
0-1: Ball
1-1: Ball
2-1: Foul Ball, location: 2F
2-2: Reached via error on a dropped throw from 2B, E3 (Groundball, 4S, EV 89.4 MPH)
Batting: RHB Victor Cintron 0-0: Ball
Pat Drader steals 2nd base
1-0: Ball
2-0: Ball
3-0: Base on Balls
Batting: LHB Evan Oliveri 0-0: Bunted foul
0-1: Bunt missed!
0-2: Ball
1-2: Ball
2-2: Strikes out swinging
Batting: RHB Jim Miske 0-0: Called Strike
0-1: Called Strike
0-2: Ball
1-2: Ball
2-2: Strikes out looking
Batting: LHB Kyung-jin Cho 0-0: Ball
1-0: Called Strike
1-1: Foul Ball, location: 2F
1-2: Foul Ball, location: 2F
1-2: Ball
2-2: Ball
3-2: Strikes out swinging
Top of the 7th over - 0 runs, 0 hits, 1 error, 2 left on base; Harrisburg 4 - Springfield 2
BOTTOM OF THE 7TH
Springfield Cardinals batting - Pitching for Harrisburg Senators : RHP Jason Beck
Batting: RHB Fortunato Fteira 0-0: Ball
1-0: Foul Ball, location: 2F
1-1: Ball
2-1: Swinging Strike
2-2: Ball
3-2: Strikes out swinging
Batting: RHB Austin Akers 0-0: Foul Ball, location: 2F
0-1: Foul Ball, location: 2F
0-2: Ball
1-2: Reached on error, E6 (Groundball, 6, EV 87.5 MPH)
Batting: RHB Joe LaDue 0-0: Called Strike
0-1: Called Strike
0-2: Ball
1-2: Ball
2-2: Fly out, F3 (Popup, 3F, EV 67.5 MPH)
Pitching: RHP Alpha Miller
Batting: LHB Travis Ruppel 0-0: Ball
Austin Akers steals 2nd base (no throw)
1-0: Called Strike
1-1: SINGLE (Line Drive, 56D, EV 97.5 MPH)
Austin Akers to third
Runner from 3rd tries for Home, throw by LF and OUT! 7-2
Bottom of the 7th over - 0 runs, 1 hit, 1 error, 1 left on base; Harrisburg 4 - Springfield 2
TOP OF THE 8TH
Harrisburg Senators batting - Pitching for Springfield Cardinals : RHP Chris Moore
Pitching: RHP Branden Maynard
Batting: RHB Antonio Laurel 0-0: Ball
1-0: Called Strike
1-1: Foul Ball, location: 2F
1-2: Foul Ball, location: 2F
1-2: SOLO HOME RUN (Flyball, 8LXD, EV 102.5 MPH), Distance : 419 ft
Batting: RHB Mike Buchanan 0-0: Ground out U3 (Groundball, 23, EV 86.9 MPH)
Batting: RHB Kevin Wick 0-0: Called Strike
0-1: Swinging Strike
0-2: Ball
1-2: Foul Ball, location: 2F
1-2: Foul Ball, location: 2F
1-2: Ball
2-2: Strikes out swinging
Batting: RHB Naofumi Ishida 0-0: Hit by Pitch
Batting: RHB Pat Drader 0-0: Fly out, F7 (Flyball, 7S, EV 83.1 MPH)
Top of the 8th over - 1 run, 1 hit, 0 errors, 1 left on base; Harrisburg 5 - Springfield 2
BOTTOM OF THE 8TH
Springfield Cardinals batting - Pitching for Harrisburg Senators : RHP Alpha Miller
Batting: RHB Jeff Brower 0-0: Called Strike
0-1: Foul Ball, location: 2F
0-2: Foul Ball, location: 2F
0-2: Foul Ball, location: 2F
0-2: Ball
1-2: Ball
2-2: Foul Ball, location: 2F
2-2: Foul Ball, location: 2F
2-2: Foul Ball, location: 2F
2-2: Foul Ball, location: 2F
2-2: Ball
3-2: SINGLE (Groundball, 6D, EV 106.2 MPH)
Batting: SHB Josh Schultze 0-0: Ball
1-0: Ball
2-0: Swinging Strike
2-1: Ball
3-1: Called Strike
3-2: Foul Ball, location: 2F
3-2: Strikes out swinging
Batting: RHB Tyler Walker 0-0: Called Strike
0-1: Ball
1-1: Ball
2-1: Swinging Strike
2-2: Ball
3-2: Reached on error, E4 (Groundball, 4, EV 106.2 MPH)
Jeff Brower to second
Batting: RHB Immel Kamuzu 0-0: Grounds into double play, 5-4-3 (Groundball, 5, EV 95.6 MPH)
Bottom of the 8th over - 0 runs, 1 hit, 1 error, 1 left on base; Harrisburg 5 - Springfield 2
TOP OF THE 9TH
Harrisburg Senators batting - Pitching for Springfield Cardinals : RHP Branden Maynard
Batting: RHB Victor Cintron 0-0: Foul Ball, location: 2F
0-1: Ball
1-1: Ball
2-1: Ball
3-1: Called Strike
3-2: Foul Ball, location: 2F
3-2: Strikes out looking
Batting: LHB Evan Oliveri 0-0: Ball
1-0: Ball
2-0: Foul Ball, location: 2F
2-1: Foul Ball, location: 2F
2-2: Foul Ball, location: 2F
2-2: SINGLE (Groundball, 4D, EV 96.9 MPH)
Batting: RHB Jim Miske 0-0: Ball
1-0: Ball
2-0: Called Strike
2-1: Ball
3-1: Foul Ball, location: 2F
3-2: Grounds into double play, 6-4-3 (Groundball, 6S, EV 88.8 MPH)
Top of the 9th over - 0 runs, 1 hit, 0 errors, 0 left on base; Harrisburg 5 - Springfield 2
BOTTOM OF THE 9TH
Springfield Cardinals batting - Pitching for Harrisburg Senators : RHP Alpha Miller
Pitching: RHP Gareth Cutts
Now at 1B: Slavik Nebrodov
Batting: RHB Tommy Boudreaux 0-0: Ball
1-0: Ball
2-0: Swinging Strike
2-1: Called Strike
2-2: Ball
3-2: Foul Ball, location: 2F
3-2: Ground out 5-3 (Groundball, 56S, EV 78.1 MPH)
Batting: RHB Fortunato Fteira 0-0: Ball
1-0: Called Strike
1-1: Foul Ball, location: 2F
1-2: Foul Ball, location: 2F
1-2: Strikes out looking
Batting: RHB Austin Akers 0-0: Called Strike
0-1: Ground out 5-3 (Groundball, 56S, EV 87.5 MPH)
Bottom of the 9th over - 0 runs, 0 hits, 0 errors, 0 left on base; Harrisburg 5 - Springfield 2
Tuesday, March 28th , 2023 - OOTP Baseball 23.10 Build 110